 Dungeon Crawl Stone Soup version 0.30-a0-739-gea05faddec (webtiles) character file.

Game seed: 15516573520219481600

179 hbarley the Chopper (level 5, -4/47 HPs)
             Began as a Hill Orc Fighter on Feb 4, 2023.
             Slain by a black bear (6 damage)
             ... on level 4 of the Dungeon.
             The game lasted 00:06:03 (2968 turns).

hbarley the Chopper (Hill Orc Fighter)              Turns: 2968, Time: 00:06:03

Health: -4/47      AC: 13    Str: 25    XL:     5   Next: 59%
Magic:  5/5        EV:  8    Int:  8    God:
Gold:   165        SH:  4    Dex: 12    Spells: 4/4 levels left

rFire   . . .      SeeInvis .    a - +0 war axe
rCold   . . .      Faith    .    c - +0 buckler
rNeg    . . .      Spirit   .    i - +0 chain mail
rPois   .          Reflect  .    (no helmet)
rElec   .          Harm     .    (no cloak)
rCorr   .          Rampage  .    (no gloves)
Will    .....                    (no boots) Stlth
                                 (no amulet)
HPRegen 0.27/turn                j - +6 ring of strength
MPRegen 0.09/turn                v - +4 ring of protection

@: no status effects
A: no striking features
a: no special abilities


You were on level 4 of the Dungeon.
You visited 1 branch of the dungeon, and saw 4 of its levels.

You collected 165 gold pieces.

Inventory:

Hand Weapons
 a - a +0 war axe (weapon)
Missiles
 g - 6 poisoned darts (quivered)
Armour
 b - a +0 scale mail
 c - a +0 buckler (worn)
 i - a +0 chain mail (worn)
Jewellery
 j - a +6 ring of strength (left hand)
 v - a +4 ring of protection (right hand)
Wands
 s - a wand of mindburst (12)
Scrolls
 e - 3 scrolls of identify {unknown}
 f - a scroll of magic mapping {unknown}
 l - a scroll of teleportation {unknown}
 o - 3 scrolls of blinking {unknown}
 p - a scroll of noise {unknown}
 t - a scroll of vulnerability {unknown}
 w - 3 scrolls of fog {unknown}
 y - a scroll of summoning {unknown}
Potions
 d - a potion of might
 h - a potion of degeneration {unknown}
 k - 2 potions of flight {unknown}
 m - a potion of ambrosia {unknown}
 n - a potion of heal wounds {unknown}
 q - a potion of berserk rage {unknown}
 r - a potion of magic {unknown}
 u - 2 potions of curing {unknown}
 x - a potion of resistance {unknown}


   Skills:
 + Level 4.4 Fighting
 + Level 5.2 Axes
 + Level 4.5 Armour
 + Level 0.5 Dodging
 + Level 3.7 Shields


You had 4 spell levels left.
You didn't know any spells.
Your spell library contained the following spells:

 Spells                   Type           Power      Damage    Failure   Level
 Sandblast                Erth           0%         2d4       98%         1
 Slow                     Hex            0%         N/A       98%         1
 Passwall                 Tmut/Erth      0%         N/A       99%         2
 Confusing Touch          Hex            0%         N/A       100%        3
 Gell's Gravitas          Tloc           0%         N/A       100%        3
 Stone Arrow              Conj/Erth      0%         3d7       100%        3
 Teleport Other           Tloc           0%         N/A       100%        3
 Vampiric Draining        Necr           0%         2d6       100%        3
 Dispersal                Tloc           0%         N/A       100%        6


Dungeon Overview and Level Annotations

Branches:
Dungeon (4/15)
 Temple: D:4-7

Altars:
Sif Muna

Annotations:
D:2 1 runed translucent door, Crazy Yiuf


Message History

The black bear claws you but does no damage. x2
You hit the black bear.
The black bear is moderately wounded.
The black bear closely misses you.
The black bear claws you but does no damage. x2
You closely miss the black bear.
The black bear is moderately wounded.
The black bear bites you but does no damage.
The black bear barely misses you. You block the black bear's attack.
You slash the black bear!
The black bear is severely wounded.
The black bear goes berserk!
You closely miss the black bear.
The black bear is severely wounded.
The black bear bites you but does no damage.
The black bear claws you but does no damage.
The black bear claws you. The black bear bites you.
The black bear claws you but does no damage. x2
You slash the black bear!
The black bear is almost dead.
The black bear bites you but does no damage.
You block the black bear's attack. The black bear claws you.
You block the black bear's attack. The black bear claws you.
The black bear claws you but does no damage.
You closely miss the black bear.
The black bear is almost dead.
The black bear bites you! The black bear claws you.
* * * LOW HITPOINT WARNING * * *
The black bear claws you.
* * * LOW HITPOINT WARNING * * *
The black bear bites you but does no damage.
The black bear closely misses you. The black bear claws you.
* * * LOW HITPOINT WARNING * * *
You barely miss the black bear.
The black bear is almost dead.
The black bear bites you.
* * * LOW HITPOINT WARNING * * *
The black bear claws you but does no damage.
The black bear claws you.
You die...

!. ##.# #.# #..### #.#
#....# #.# ##..#.####
#.# ####...#..... #.#
#....#####..#
#.#####.####.##...#..).#
......h......####.#.....
.#####@###### #...##..
#)# #####... #.# #...
#.# #... #.# ###. ..# #.
### ##


You could see a black bear (berserk).

Vanquished Creatures
  4 gnolls (D:2)
  5 adders
  5 worms
  5 orcs
  8 ball pythons
  3 endoplasms
  A giant cockroach (D:2)
  6 goblins
  8 hobgoblins
  5 jackals
  3 quokkas
  7 bats
  2 frilled lizards
  9 kobolds
  3 rats
74 creatures vanquished.

Vanquished Creatures (others)
  2 plants
2 creatures vanquished.

Grand Total: 76 creatures vanquished

Notes
Turn   | Place    | Note
-------+----------+-------------------------------------------
     0 | D:1      | hbarley the Hill Orc Fighter began the quest for the Orb.
     0 | D:1      | Reached XP level 1. HP: 19/19 MP: 1/1
   364 | D:1      | Reached XP level 2. HP: 26/27 MP: 2/2
   751 | D:1      | Reached skill level 3 in Axes
  1155 | D:2      | Found a faded altar of an unknown god.
  1161 | D:2      | Found a runed translucent door.
  1162 | D:2      | Noticed Crazy Yiuf
  1245 | D:2      | Reached XP level 3. HP: 30/33 MP: 3/3
  1253 | D:2      | Reached XP level 4. HP: 16/40 MP: 4/4
  1511 | D:2      | Reached skill level 4 in Axes
  2273 | D:3      | Found a shimmering blue altar of Sif Muna.
  2332 | D:3      | Reached XP level 5. HP: 26/46 MP: 5/5
  2756 | D:4      | Reached skill level 5 in Axes
  2954 | D:4      | Noticed a black bear
  2967 | D:4      | HP: 2/47 [black bear (6)]
  2968 | D:4      | Slain by a black bear

Illustrated notes

Levels and vault maps discovered:
D:1:      dpeg_arrival_brainrot, layout_basic, serial_bayou,
          serial_bayou_shore_b, serial_bayou_pond_e, serial_bayou_crossing,
          serial_bayou_shore_b
D:2:      layout_basic, chequers_ecumenical_altar_simple, serial_forest,
          infiniplex_forest_lined_3_way, infiniplex_forest_lined_corner,
          infiniplex_forest_side_room, infiniplex_forest_straight_5,
          infiniplex_forest_join, infiniplex_forest_clump_medium,
          infiniplex_forest_lined_corner, uniq_crazy_yiuf_cottage
D:3:      layout_rooms, lemuel_round_altar, chequers_arboretum
D:4:      layout_loops_ring, minmay_ruined_shrine

Skill      XL: |  1  2  3  4  5 |
---------------+----------------+-----
Axes           | 3 4 5 |  5.2
Fighting       | 4 |  4.4
Armour         | 4 |  4.5
Dodging        | |  0.5
Shields        | |  3.7

Action                     |  1- 3 |  4- 6 || total
---------------------------+-------+-------++-------
  Melee: War axe           |    69 |   142 ||   211
 Armour: Chain mail        |    44 |   103 ||   147
         Scale mail        |     3 |       ||     3
  Dodge: Dodged            |    33 |    61 ||    94
  Block: Buckler           |    14 |    40 ||    54

Table legend: (Time is in decaauts)
 A = Elapsed time spent in this place.
 B = Non-inter-level travel time spent in this place.
 C = Inter-level travel time spent in this place.
 D = Time resting spent in this place.
 E = Time spent auto-exploring this place.
 F = Levels seen in this place.
 G = Mean time per level.
                   A        B        C        D        E       F      G
               +--------+--------+--------+--------+--------+-----+--------+
         Total |   3050 |   2880 |    170 |      0 |   2328 |   4 |  762.5 |
       Dungeon |   3050 |   2880 |    170 |      0 |   2328 |   4 |  762.5 |
               +--------+--------+--------+--------+--------+-----+--------+

Top non-repeatable levels by time:
     D:1: 1188 daAuts
     D:2: 1110 daAuts
     D:3: 518 daAuts
     D:4: 232 daAuts
